 Dungeon Crawl Stone Soup version 0.24.0-10-g970556be89 (console) character file.

Game seed: 461208689602106604, levelgen mode: deterministic

29477 AlterAsc the Brawler (level 13, -2/111 HPs)
             Began as a Grey Draconian Transmuter on Nov 3, 2019.
             Was the Champion of Cheibriados.
             Slain by a swamp worm (9 damage)
             ... on level 4 of the Lair of Beasts.
             The game lasted 00:57:00 (17741 turns).

AlterAsc the Brawler (Grey Draconian Transmuter)   Turns: 17741, Time: 00:57:00

Health: -2/111     AC: 13    Str: 33    XL:     13   Next: 15%
Magic:  30/31      EV: 20    Int: 28    God:    Cheibriados [******]
Gold:   1122       SH:  3    Dex: 27    Spells: 12/24 levels left

rFire    + . .     SeeInvis .     - Unarmed
rCold    + . .     Gourm    .   (no shield)
rNeg     . . .     Faith    .   (armour unavailable)
rPois    .         Spirit   .   (helmet restricted)
rElec    .         Reflect  +   N - scarf {rC+ rF+}
rCorr    .         Harm     .   (no gloves)
MR       .....                  (no boots)
Stlth    +++.......             P - +3 amulet of reflection
HPRegen  0.28/turn              D - ring of stealth
MPRegen  0.22/turn              l - ring of magical power

@: very slow
A: walk through water, unfitting armour, unbreathing, cold-blooded, AC +13
a: Bend Time, Temporal Distortion, Slouch, Step From Time, Renounce Religion


You were on level 4 of the Lair of Beasts.
You worshipped Cheibriados.
Cheibriados was exalted by your worship.
You were not hungry.

You visited 3 branches of the dungeon, and saw 16 of its levels.
You also visited: Sewer.

You collected 1122 gold pieces.

Inventory:

Hand Weapons
 O - a +0 giant club
Missiles
 a - 181 arrows
Armour
 r - a +0 cloak
 G - a +0 cloak
 K - the +1 robe of Fortitude {rF+ Slay+3, unknown}
   (You found it on level 8 of the Dungeon)

   It affects your accuracy and damage with ranged weapons and melee attacks
   (+3).
   It protects you from fire.
 N - a scarf of resistance (worn)
Jewellery
 l - a ring of magical power (right hand)
 v - an uncursed ring of fire
 w - an uncursed ring of ice
 D - a ring of stealth (left hand)
 P - a +3 amulet of reflection (around neck)
 Q - an uncursed ring of protection from cold
 R - a +4 ring of intelligence
Wands
 t - a wand of flame (11)
 z - a wand of scattershot (10)
 A - a wand of iceblast (12)
 C - a wand of acid (9)
 E - a wand of paralysis (14)
 L - a wand of disintegration (13)
Scrolls
 b - 3 scrolls of amnesia
 d - 3 scrolls of fog
 i - 8 scrolls of remove curse
 j - a scroll of fear {unknown}
 m - 2 scrolls of immolation {unknown}
 p - 4 scrolls of magic mapping {unknown}
 s - 2 scrolls of enchant weapon {unknown}
 u - 4 scrolls of teleportation
 x - 2 scrolls of torment {unknown}
 y - a scroll of vulnerability {unknown}
 H - 2 scrolls of random uselessness {unknown}
 I - 3 scrolls of blinking {unknown}
 J - 3 scrolls of enchant armour {unknown}
 M - 3 scrolls of identify
 S - 2 scrolls of holy word {unknown}
 T - a scroll of silence {unknown}
 V - a scroll of summoning {unknown}
Potions
 e - 2 potions of heal wounds
 f - 4 potions of degeneration
 g - 3 potions of mutation {unknown}
 h - a potion of berserk rage
 k - a potion of haste
 n - 8 potions of might
 o - 2 potions of magic {unknown}
 q - 2 potions of flight {unknown}
 B - a potion of lignification {unknown}
 F - a potion of agility {unknown}
Comestibles
 c - 20 rations


   Skills:
 + Level 9.3 Fighting
 + Level 7.9 Dodging
 * Level 16.0 Unarmed Combat
 - Level 6.0 Spellcasting
 - Level 8.0 Transmutations


You had 12 spell levels left.
You knew the following spells:

 Your Spells              Type           Power        Failure   Level  Hunger
a - Beastly Appendage     Tmut           ######       1%          1    None
b - Sticks to Snakes      Tmut           ######..     1%          2    None
c - Blade Hands           Tmut           ######....   6%          5    #####..
d - Ice Form              Ice/Tmut       ####....     12%         4    ###....

Your spell library contained the following spells:

 Spells                   Type           Power        Failure   Level  Hunger
 Spider Form              Tmut/Pois      ####......   3%          3    None
 Animate Skeleton         Necr           N/A          6%          1    None
 Apportation              Tloc           #.....       6%          1    None
 Confusing Touch          Hex            #.....       6%          1    None
 Summon Small Mammal      Summ           #...         6%          1    None


Dungeon Overview and Level Annotations

Branches:
Dungeon (11/15)            Temple (1/1) D:7            Lair (4/6) D:10
  Swamp (0/4) Lair:4       Spider (0/4) Lair:4        Sewer (visited)
    Orc: D:9-12

Altars:
Ashenzari
Cheibriados
Dithmenos
Elyvilon
Fedhas
Gozag
Hepliaklqana
Kikubaaqudgha
Makhleb
Nemelex Xobeh
Okawaru
Qazlal
Ru
Sif Muna
Trog
Uskayaw
Vehumet
Wu Jian
Xom
Yredelemnul
Zin
The Shining One

Shops:
D:4 [   D:6 :   D:8 *   D:9 %

Portals:
Trove: D:10 (give +2 gold dragon scales)

Annotations:
D:7 1 exclusion
Lair:2 2 transporters, TimelessDreamer's ghost, journeyman HuWn


Innate Abilities, Weirdness & Mutations

You can walk through water.
Your dull iron-grey scales are very hard. (AC +13)
You cannot fit into any form of body armour.
You can survive without breathing.
You are cold-blooded and may be slowed by cold attacks.


Message History

The electric eel is almost dead.
The swamp worm misses you.
The electric eel shoots out a bolt of lightning at you!
The bolt of electricity hits you!
* * * LOW HITPOINT WARNING * * *
Okay, then.
Okay, then.
Press: ? - help, v - describe, . - travel
Here: a swamp worm (thin mist)
The floor.
You punch the electric eel!
You kill the electric eel!
Cheibriados appreciates the change of pace.
You hear a splash.
The swamp worm completely misses you.
You hit the swamp worm but do no damage.
You tail-slap the swamp worm.
The swamp worm is lightly wounded.
The swamp worm bites you!
You die...

.#...............##.###.##....##.
....#.#....#♣.♣♣♣♣##[.####....###
##...##....##♣♣♣♣♣♣.....#....#.##
#...#P...## ♣§§≈≈♣.....##.......
#..###...P# ♣§§>§♣###.......##..
#..P#.##### ♣§§.§♣♣##.#.....####
##...###### ♣§.§§♣♣..........###
#P....P##.#♣♣♣≈♣w≈♣♣.........###P
##P.........♣♣≈.@§♣♣.............
#..........♣♣≈..≈♣♣.............
#.....^....♣♣≈..≈♣♣.............
#..........♣♣≈♣.≈♣♣.............
#..##.P.P.#♣♣≈..♣♣♣.............
#..####.###♣♣≈.♣♣♣♣..........P.P
#..#####.#♣.♣≈..♣♣.####.#....###
#...##......♣≈♣.≈♣.#...###....#.
##.......#.P.♣≈..≈♣......##...#^.


You could see a swamp worm.

Vanquished Creatures
  7 hydras
  4 two-headed ogres
  2 wolf spiders (Lair:4)
  4 black mambas
  A spiny frog (Lair:3)
  A gargoyle (D:10)
  2 komodo dragons (Lair:4)
  A harpy zombie (D:9)
  2 trolls
  A hornet (D:6)
  4 hippogriffs
  A bog body (Lair:4)
  16 blink frogs
  17 yaks
  3 redbacks (Lair:4)
  A wraith (D:11)
  3 wyverns
  2 basilisks (Lair:2)
  2 hungry ghosts
  A steam dragon (D:7)
  2 swamp worms (Lair:4)
  7 water moccasins
  5 porcupines
  Duvessa (D:7)
  An ice beast (D:9)
  3 orc warriors
  2 black bears
  6 ogres
  3 sky beasts
  5 phantoms
  10 wolves (Lair:3)
  5 centaurs
  8 crocodiles
  A gnoll sergeant (D:6)
  7 bullfrogs
  Dowan (D:7)
  2 scorpions
  17 killer bees
  4 wights
  2 howler monkeys
  6 electric eels
  4 crimson imps
  7 bullfrog zombies
  4 centaur zombies (D:6)
  4 orc priests
  8 hounds
  A jelly (D:7)
  11 orc wizards
  2 bullfrog skeletons
  2 centaur skeletons
  A gnoll shaman (D:8)
  An iguana (D:6)
  8 worker ants
  3 killer bee zombies (D:6)
  A hound zombie (D:6)
  2 hound skeletons (D:6)
  A mummy (D:4)
  2 worker ant zombies
  8 gnolls
  11 adders
  3 shadow imps
  An adder skeleton (D:6)
  2 adder zombies (D:6)
  2 worms
  3 dart slugs (D:1)
  8 leopard geckos
  35 orcs
  10 bats
  16 giant cockroaches
  2 gnoll zombies (D:3)
  7 goblins
  8 hobgoblins
  7 jackals (Sewer)
  8 kobolds
  6 ball pythons
  5 frilled lizards
  A jackal skeleton (D:6)
  A jackal zombie (D:6)
  A kobold zombie (D:4)
  An orc zombie (D:4)
  5 quokka skeletons
  2 quokka zombies (D:6)
  14 rats
402 creatures vanquished.

Vanquished Creatures (collateral kills)
  Pikel (D:4)
  Sigmund (D:5)
  3 hogs (D:7)
  A black bear (D:10)
  A scorpion (D:7)
  2 orc wizards
  2 adders
  2 orcs (D:9)
  3 jackals (Sewer)
  A rat (D:3)
17 creatures vanquished.

Vanquished Creatures (others)
  A necrophage (D:4)
  A quokka zombie (D:6)
2 creatures vanquished.

Grand Total: 421 creatures vanquished

Notes
Turn   | Place    | Note
-------+----------+-------------------------------------------
     0 | D:1      | AlterAsc the Draconian Transmuter began the quest for the
                  | Orb.
     0 | D:1      | Reached XP level 1. HP: 16/16 MP: 3/3
   294 | D:1      | Reached XP level 2. HP: 22/23 MP: 3/5
   584 | D:1      | Reached XP level 3. HP: 26/28 MP: 4/6
  1214 | D:2      | Learned a level 2 spell: Sticks to Snakes
  1402 | D:2      | Found a burning altar of Makhleb.
  1419 | D:2      | Reached skill level 4 in Unarmed Combat
  1419 | D:2      | Reached XP level 4. HP: 13/35 MP: 5/8
  1938 | D:3      | Found a hide-covered altar of Uskayaw.
  2360 | D:3      | Reached XP level 5. HP: 38/40 MP: 7/9
  2544 | D:3      | Found a glowing drain.
  2556 | Sewer    | Entered a sewer
  3546 | D:3      | Found a basalt altar of Yredelemnul.
  3593 | D:4      | Reached skill level 5 in Unarmed Combat
  3623 | D:4      | Reached XP level 6. HP: 26/47 MP: 9/11
  3654 | D:4      | Noticed Pikel
  4656 | D:4      | Your scales start taking on a dull iron-grey colour.
  4656 | D:4      | Reached XP level 7. HP: 52/52 MP: 10/12
  4656 | D:4      | Gained mutation: You can survive without breathing. [Grey
                  | Draconian growth]
  4697 | D:4      | Killed Pikel
  4697 | D:4      | Reached skill level 7 in Unarmed Combat
  4697 | D:4      | Reached XP level 8. HP: 27/59 MP: 10/14
  4735 | D:4      | Found a white marble altar of Elyvilon.
  4738 | D:4      | Found an ornate altar of the Wu Jian Council.
  4833 | D:4      | Reached skill level 5 in Transmutations
  5001 | D:4      | Found Nuameloc's Armour Emporium.
  5280 | D:5      | Entered Level 5 of the Dungeon
  5508 | D:5      | Reached skill level 5 in Spellcasting
  5517 | D:5      | Noticed Sigmund
  5881 | D:5      | Reached skill level 8 in Unarmed Combat
  5964 | D:5      | Killed Sigmund
  6243 | D:5      | Noticed a moth of wrath
  6246 | D:5      | Found a bloodstained altar of Trog.
  6658 | D:6      | Reached XP level 9. HP: 55/64 MP: 17/17
  6730 | D:6      | Reached skill level 9 in Unarmed Combat
  7441 | D:6      | Found Hijairch's Book Shoppe.
  7734 | D:6      | Paralysed by a hornet for 2 turns
  7741 | D:6      | Reached skill level 10 in Unarmed Combat
  8056 | D:7      | Found a staircase to the Ecumenical Temple.
  8075 | Temple   | Entered the Ecumenical Temple
  8259 | Temple   | Became a worshipper of Cheibriados the Contemplative
  8330 | D:7      | Noticed Duvessa
  8344 | D:7      | Killed Duvessa
  8347 | D:7      | Noticed Dowan
  8538 | D:7      | Killed Dowan
  8621 | D:7      | Reached XP level 10. HP: 50/71 MP: 9/19
  8626 | D:7      | Reached skill level 11 in Unarmed Combat
  8739 | D:7      | Reached * piety under Cheibriados
  9052 | D:8      | Learned a level 5 spell: Blade Hands
  9057 | D:8      | Learned a level 4 spell: Ice Form
  9403 | D:8      | Found Toebek's Assorted Antiques.
  9458 | D:8      | Reached ** piety under Cheibriados
  9728 | D:8      | Reached skill level 12 in Unarmed Combat
  9765 | D:8      | Got a brightly glowing robe
 10021 | D:10     | Entered Level 10 of the Dungeon
 10147 | D:10     | Reached *** piety under Cheibriados
 10290 | D:9      | Noticed a two-headed ogre
 10299 | D:9      | Killed a two-headed ogre
 10341 | D:9      | Found Usehey Zowe's Food Emporium.
 10342 | D:9      | Noticed a two-headed ogre
 10443 | D:9      | Killed a two-headed ogre
 10443 | D:9      | Reached XP level 11. HP: 42/83 MP: 20/20
 10992 | D:9      | Reached skill level 13 in Unarmed Combat
 11740 | D:9      | Reached **** piety under Cheibriados
 11770 | D:10     | Noticed a two-headed ogre
 11777 | D:10     | Killed a two-headed ogre
 12213 | D:10     | Found a portal to a secret trove of treasure.
 12278 | D:10     | Found a staircase to the Lair.
 12284 | D:10     | Reached skill level 5 in Fighting
 12364 | D:10     | Noticed a two-headed ogre
 12372 | D:10     | Killed a two-headed ogre
 12473 | D:10     | Found a shimmering blue altar of Sif Muna.
 12758 | D:11     | Reached skill level 5 in Dodging
 12809 | Lair:1   | Entered Level 1 of the Lair of Beasts
 12888 | Lair:1   | Reached ***** piety under Cheibriados
 13502 | Lair:1   | Reached skill level 14 in Unarmed Combat
 13746 | Lair:2   | Noticed a seven-headed hydra
 13834 | Lair:2   | Noticed a five-headed hydra
 13841 | Lair:2   | Killed a five-headed hydra
 13876 | Lair:2   | Reached XP level 12. HP: 68/97 MP: 21/21
 13900 | Lair:2   | Noticed TimelessDreamer's ghost (journeyman HuWn)
 13903 | Lair:2   | Found a transporter.
 13903 | Lair:2   | Noticed an eight-headed hydra
 14082 | Lair:2   | Killed a seven-headed hydra
 14269 | Lair:2   | Noticed a six-headed hydra
 14275 | Lair:2   | Killed a six-headed hydra
 14532 | Lair:2   | Found a transporter.
 15064 | Lair:3   | Noticed a four-headed hydra
 15072 | Lair:3   | Killed a four-headed hydra
 15072 | Lair:3   | Reached skill level 15 in Unarmed Combat
 16165 | Lair:4   | Reached ****** piety under Cheibriados
 16245 | Lair:4   | Noticed a six-headed hydra
 16250 | Lair:4   | Killed a six-headed hydra
 16538 | Lair:4   | Noticed a five-headed hydra
 16552 | Lair:4   | Killed a five-headed hydra
 16559 | Lair:4   | Noticed a four-headed hydra
 16569 | Lair:4   | Killed a four-headed hydra
 16569 | Lair:4   | Reached XP level 13. HP: 76/111 MP: 18/22
 17058 | Lair:4   | Found a hole to the Spider Nest.
 17071 | Lair:4   | Reached skill level 16 in Unarmed Combat
 17734 | Lair:4   | Found a staircase to the Swamp.
 17741 | Lair:4   | Slain by a swamp worm

Levels and vault maps discovered:
D:1:      roderic_crossed_star, layout_basic, serial_forest,
          infiniplex_forest_clump_double, infiniplex_forest_clump_small,
          infiniplex_forest_clump_medium, infiniplex_forest_clump_curved,
          infiniplex_forest_join, infiniplex_forest_end_1, minmay_pentomino_t2
D:2:      layout_basic, makhleb_heckhound_becter, first_ration,
          wad_floor_pattern_untrapped
D:3:      layout_rooms, lemuel_zombie_altar_yredelemnul,
          eat_drink_and_be_merry_uskayaw, portal_sewer_entry_f
D:4:      layout_basic, amethyst_overflow_temple_binary,
          nicolae_ossuary_entry_giza, serial_shops, nicolae_shop_trees,
          uniq_pikel
D:5:      layout_cave_pools, tgw_trog, uniq_sigmund
D:6:      layout_loops_ring, serial_shops, shop, serial_undead, serial_undead_c,
          serial_undead_f, serial_undead_f, serial_undead_f, serial_undead_a,
          serial_undead_a, serial_undead_f
D:7:      layout_rooms, minmay_temple_entry_proselytizer, grunt_livestock,
          uniq_duvessa
D:8:      layout_rooms, serial_shops, shop, water_maze_lemuel
D:9:      layout_irregular_city, serial_shops, shop
D:10:     layout_small_grid, lair_entry_dummy, enter_trove_6, tgw_sif
D:11:     layout_roguey [special_room_orc],
          kennysheep_orc_monster_closet_entryway, minivault_16, st_stairs_8,
          fedhas_altar_3
Temple:   regret_index_temple_sphere_string
Lair:1:   layout_regular_city
Lair:2:   layout_regular_city, gammafunk_ghost_arena,
          chequers_serial_rivers_marsh, guppyfry_lair_drakes, grunt_megastairs_1
Lair:3:   layout_cave_pods
Lair:4:   layout_regular_city, nicolae_swamp_entry_splash_gauntlet,
          spider_nest_entry_funnel_web

Skill      XL: |  1  2  3  4  5  6  7  8  9 10 11 12 13 |
---------------+----------------------------------------+-----
Unarmed Combat | 4 5 7 8 10 12 14 15 16 | 16.0
Transmutations | 3 4 6 7 8 |  8.0
Spellcasting   | 3 4 5 6 |  6.0
Dodging        | 3 5 7 |  7.9
Fighting       | 3 6 9 |  9.3

Action                   |  1- 3 |  4- 6 |  7- 9 | 10-12 | 13-15 || total
-------------------------+-------+-------+-------+-------+-------++-------
Melee: Unarmed           |   172 |   237 |   426 |   430 |    23 ||  1288
       Tailslap          |    19 |    17 |    60 |    62 |     2 ||   160
       Kick              |     9 |    23 |    82 |     5 |       ||   119
       Headbutt          |     7 |     5 |    15 |     7 |       ||    34
       Punch             |       |     2 |    10 |    34 |     2 ||    48
 Cast: Beastly Appendage |    25 |    25 |    52 |    13 |       ||   115
       Sticks to Snakes  |       |    15 |    24 |    13 |       ||    52
       Blade Hands       |       |       |       |    70 |     6 ||    76
       Ice Form          |       |       |       |     7 |       ||     7
 Abil: End Transformatio |       |       |       |     4 |       ||     4
Evoke: Wand              |       |       |       |     2 |       ||     2
  Use: Scroll            |       |     4 |     6 |     6 |     1 ||    17
       Potion            |       |     4 |     1 |     2 |       ||     7
 Stab: Sleeping          |       |     1 |       |    10 |     1 ||    12
       Distracted        |       |       |     1 |     2 |       ||     3
  Eat: Chunk             |     2 |     7 |    12 |    25 |       ||    46
       Ration            |       |     2 |       |     3 |     1 ||     6
Armor: Skin              |    46 |    83 |   154 |   152 |     7 ||   442
Dodge: Dodged            |   124 |   185 |   216 |   388 |    22 ||   935
Block: Other             |       |       |       |    22 |       ||    22
